AoeStats
← Aoe_Ly

Arena

506981148Analyzed
4v4 RM · 16d ago on Sep 16, 2026· 60m 26s· 8 players
Game mode
Random Map
Map size
Large (8 player)
Population
200
Speed
Normal
Resources
Standard
Victory
Conquest
Starting age
Dark Age
Ending age
Imperial Age
RankedLock teamsTeams togetherTeam positionsShared explorationLock speedFull tech treeHidden civsTurbo modeCheats
Victory
Defeat
🇵🇪 Malians · Peru
1078
+14
🇦🇷 Vietnamese · Argentina
1056
+15
🇦🇺 Koreans · Australia
1017
+17
🇨🇳 Saracens · China
989
+18
🇦🇺 Spanish · Australia
1078
-17
🇨🇴 Teutons · Colombia
1036
-16
🇨🇴 Goths · Colombia
1033
-16
🇲🇽 Burgundians · Mexico
1004
-15
danny dillinger
10:56 Feudal Age
9:15 Double-Bit Axe
10:31 Gold Mining
12:24 Bow Saw
13:02 Horse Collar
18:29 Castle Age
17:33 Gold Shaft Mining
18:38 Stone Mining
23:01 Two-Man Saw
22:31 Fervor
22:36 Scale Mail Armor
23:46 Sanctity
29:47 Imperial Age
27:04 Loom
28:24 Heavy Plow
28:41 Forging
28:46 Chain Mail Armor
30:55 Crossbowman
33:08 Fletching
33:56 Iron Casting
33:22 Padded Archer Armor
33:38 Chain Mail Armor
33:27 Onager
33:37 Elite Skirmisher
35:29 Stone Shaft Mining
36:26 Block Printing
36:36 Illumination
37:33 Bodkin Arrow
37:54 Leather Archer Armor
38:40 Blast Furnace
38:10 Plate Mail Armor
38:18 Ballistics
41:15 Chemistry
42:17 Murder Holes
42:33 Fortified Wall
52:13 Bracer
52:19 Scale Barding Armor
Lyonel II
10:50 Feudal Age
11:24 Town Watch
11:47 Double-Bit Axe
12:57 Horse Collar
19:43 Castle Age
18:42 Gold Mining
20:16 Bloodlines
20:20 Forging
22:01 Wheelbarrow
21:30 Heavy Plow
24:29 Bow Saw
26:19 Hand Cart
26:59 Iron Casting
33:02 Imperial Age
33:45 Stone Mining
33:28 Cavalier
35:08 Ironclad
38:20 Blast Furnace
37:26 Scale Barding Armor
38:38 Chemistry
37:33 Paladin
40:55 Chain Barding Armor
42:12 Plate Barding Armor
42:03 Gambesons
46:49 Crop Rotation
48:19 Scale Mail Armor
48:10 Fletching
49:18 Hoardings
48:57 Masonry
49:01 Fortified Wall
52:08 Ballistics
53:21 Two-Man Saw
TheHatefulN8
11:43 Feudal Age
13:09 Horse Collar
13:31 Double-Bit Axe
15:48 Castle Age
17:06 Bow Saw
19:40 Heavy Plow
21:27 Gold Mining
21:49 Loom
22:36 Town Watch
25:13 Fervor
25:24 Sanctity
25:15 Redemption
25:40 Scale Barding Armor
27:00 Wheelbarrow
26:41 Fervor
26:52 Sanctity
26:33 Devotion
26:50 Bloodlines
26:40 Husbandry
27:52 Husbandry
28:14 Chain Barding Armor
29:29 Hand Cart
29:14 Town Patrol
30:00 Ballistics
29:54 Fletching
33:12 Imperial Age
31:57 Murder Holes
32:12 Masonry
33:44 Cavalier
34:27 Squires
34:12 Arson
34:13 Gambesons
33:48 Pikeman
35:07 Plate Barding Armor
34:43 Forging
34:28 Bodkin Arrow
33:58 Light Cavalry
35:06 Conscription
35:25 Paladin
35:26 Hussar
39:26 Elite Conquistador
42:12 Iron Casting
41:37 Bracer
42:10 Architecture
42:41 Chemistry
43:21 Block Printing
Captain10
10:45 Feudal Age
11:42 Double-Bit Axe
14:20 Wheelbarrow
17:24 Castle Age
15:11 Loom
16:06 Stone Mining
18:23 Bow Saw
17:56 Horse Collar
24:49 Scale Mail Armor
25:19 Elite Skirmisher
28:00 Heavy Plow
31:48 Imperial Age
29:09 Town Watch
31:04 Masonry
32:25 Hand Cart
33:38 Chemistry
33:01 Ballistics
33:08 Conscription
32:51 Perfusion
33:16 Pikeman
33:56 Squires
37:13 Halberdier
38:26 Chain Mail Armor
38:21 Forging
38:04 Man-at-Arms
38:26 Long Swordsman
39:20 Two-Handed Swordsman
41:38 Iron Casting
tony halcon
10:56 Feudal Age
15:16 Castle Age
13:05 Double-Bit Axe
13:04 Horse Collar
16:21 Bow Saw
17:10 Wheelbarrow
22:58 Hand Cart
23:01 Heavy Plow
24:58 Gold Mining
25:25 Stone Mining
29:22 Imperial Age
27:50 Fletching
28:00 Padded Archer Armor
28:30 Treadmill Crane
29:18 Ballistics
29:50 Thumb Ring
29:44 Bodkin Arrow
29:38 Town Watch
29:40 Loom
31:31 Chemistry
30:37 Siege Engineers
30:58 Paper Money
30:17 Elite Skirmisher
31:03 Bracer
31:18 Leather Archer Armor
31:03 Imperial Skirmisher
31:48 Chatras
32:26 Hoardings
33:03 Crop Rotation
33:35 Two-Man Saw
33:11 Fortified Wall
32:56 Murder Holes
33:35 Ring Archer Armor
34:23 Scale Mail Armor
34:33 Forging
40:54 Guilds
41:15 Coinage
40:46 Caravan
42:46 Chain Mail Armor
43:06 Iron Casting
43:22 Pikeman
44:03 Squires
43:48 Arson
44:37 Plate Mail Armor
43:35 Elite Fire Lancer
45:39 Banking
50:38 Sappers
51:43 Halberdier
54:40 Spies/Treason
Aoe_Ly
11:44 Feudal Age
12:26 Double-Bit Axe
15:21 Castle Age
16:32 Bow Saw
18:13 Horse Collar
19:42 Wheelbarrow
22:16 Heavy Plow
24:09 Hand Cart
24:08 Gold Mining
24:09 Stone Mining
29:20 Imperial Age
26:38 Town Watch
28:11 Gold Shaft Mining
28:11 Stone Shaft Mining
28:15 Loom
28:48 Scale Mail Armor
28:58 Forging
30:33 Chain Mail Armor
30:58 Murder Holes
32:04 Chemistry
31:24 Ballistics
30:45 Treadmill Crane
32:16 Crop Rotation
31:13 Pikeman
31:54 Squires
31:39 Arson
32:40 Plate Mail Armor
32:45 Iron Casting
32:53 Scale Barding Armor
32:47 Light Cavalry
33:37 Bloodlines
33:28 Husbandry
34:30 Fletching
35:19 Heavy Camel Rider
42:23 Conscription
42:04 Farimba
46:09 Masonry
48:25 Bodkin Arrow
48:30 Padded Archer Armor
48:53 Chain Barding Armor
55:22 Plate Barding Armor
55:04 Leather Archer Armor
55:23 Architecture
56:36 Spies/Treason
Dio
11:02 Feudal Age
15:13 Castle Age
13:46 Double-Bit Axe
13:43 Horse Collar
17:50 Bow Saw
21:25 Heavy Plow
23:35 Wheelbarrow
23:34 Gold Mining
25:12 Forging
25:07 Scale Barding Armor
25:55 Fletching
26:08 Loom
26:40 Hand Cart
27:09 Bodkin Arrow
27:16 Padded Archer Armor
27:51 Thumb Ring
28:46 Ballistics
29:49 Leather Archer Armor
30:19 Gold Shaft Mining
29:35 Stone Mining
29:35 Elite Skirmisher
32:18 Chain Barding Armor
32:34 Iron Casting
36:33 Imperial Age
35:11 Husbandry
35:21 Bloodlines
39:10 Chemistry
37:51 Treadmill Crane
39:14 Conscription
38:15 Elite Mameluke
40:49 Fortified Wall
42:45 Ring Archer Armor
43:55 Two-Man Saw
45:06 Bracer
49:20 Blast Furnace
49:47 Imperial Skirmisher
58:47 Plate Barding Armor
Angusjack
13:46 Feudal Age
14:23 Double-Bit Axe
18:41 Castle Age
16:30 Horse Collar
16:41 Gold Mining
17:04 Stone Mining
17:20 Scale Mail Armor
18:23 Wheelbarrow
20:11 Bow Saw
20:04 Heavy Plow
26:34 Town Watch
26:35 Loom
27:28 Hand Cart
27:47 Gambesons
28:15 Forging
27:56 Fletching
27:55 Pikeman
28:39 Squires
30:03 Gold Shaft Mining
30:27 Iron Casting
30:09 Chain Mail Armor
31:27 Elite Skirmisher
34:57 Imperial Age
32:32 Eupseong
34:00 Ballistics
33:24 Treadmill Crane
34:03 Town Patrol
34:59 Bodkin Arrow
35:12 Scale Barding Armor
35:35 Thumb Ring
35:37 Husbandry
34:58 Light Cavalry
35:38 Halberdier
36:05 Arson
36:57 Plate Mail Armor
36:28 Bracer
36:38 Capped Ram
36:59 Imperial Skirmisher
38:38 Conscription
41:01 Chemistry
40:07 Siege Engineers
40:13 Masonry
39:59 Murder Holes
39:50 Arrowslits
39:36 Elite War Wagon
41:31 Two-Man Saw
41:10 Stone Shaft Mining
41:00 Chain Barding Armor
40:04 Hussar
46:06 Architecture
Connection lost

Rejoining the realm…

Still unreachable

The connection could not be restored.

Session expired

The server has moved on; the page needs a fresh start.